Map: Ley Lines

Players

KimChiLoVer - Winner!

  • Race: Terran Terran
  • League: Diamond
  • Spawn Location: 7:00

VOD

Have the link to the VOD?

Description

Time

  • Played on: Aug. 23, 2025, 10:38 a.m.
  • Length: 10:00
Show
View Real Time Build Order
Export as new Build Order

KimChiLoVer Terran - Winner!

Build Orders: Reaper Expand 

Get SALT Encoding   

  12  0:02  SCV  
  12  0:14  SCV  
  12  0:18  Supply Depot  
  12  0:26  SCV  
  12  0:39  SCV  
  12  0:41  Barracks  
  12  0:45  Refinery  
  12  0:51  SCV  
  12  1:03  SCV  
  12  1:15  SCV  
  12  1:27  Orbital Command  
  12  1:29  Reaper  
  12  1:39  Command Center  
  12  1:49  Supply Depot  
  12  1:53  SCV  
  12  2:01  Marine  
  12  2:05  Factory  
  12  2:07  SCV  
  12  2:18  Refinery  
  12  2:19  SCV  
  12  2:22  Barracks Reactor  
  12  2:31  SCV  
  12  2:33  Barracks  
  12  2:39  Barracks  
  12  2:43  SCV  
  12  2:54  Factory Tech Lab  
  12  2:55  SCV  
  12  2:56  Orbital Command  
  12  3:07  Marine x2, SCV  
  12  3:23  SCV  
  12  3:29  SCV  
  12  3:30  Marine  
  12  3:31  Command Center  
  12  3:32  Marine  
  12  3:36  Stimpack  
  12  3:45  Starport, SCV  
  12  3:46  Factory Reactor  
  12  3:47  SCV  
  12  3:51  Marine  
  12  3:59  Engineering Bay  
  12  4:01  Engineering Bay, SCV  
  12  4:04  SCV  
  12  4:09  Marine  
  12  4:10  Marine  
  12  4:12  Marine  
  12  4:16  SCV  
  12  4:19  Supply Depot  
  12  4:28  Terran Infantry Armor Level 1, Terran Infantry Weapons Level 1  
  12  4:32  Medivac  
  12  4:35  SCV  
  12  4:40  SCV  
  12  4:44  Medivac  
  12  4:45  Orbital Command  
  12  4:47  SCV  
  12  4:51  Supply Depot  
  12  4:53  SCV  
  12  4:57  Barracks x2, Factory Tech Lab  
  12  5:02  SCV  
  12  5:05  SCV  
  12  5:06  Refinery  
  12  5:08  Marine x2  
  12  5:15  Supply Depot  
  12  5:16  Combat Shield  
  12  5:17  SCV  
  12  5:19  SCV  
  12  5:20  SCV  
  12  5:23  Refinery, Marine  
  12  5:29  SCV  
  12  5:31  SCV  
  12  5:35  Armory  
  12  5:37  Barracks Tech Lab  
  12  5:38  Medivac  
  12  5:41  SCV  
  12  5:44  SCV x2  
  12  5:51  Barracks Tech Lab  
  12  5:53  SCV  
  12  5:55  Orbital Command  
  12  5:57  Supply Depot  
  12  5:58  Siege Tank  
  12  6:05  SCV  
  12  6:07  Marine x3, Marauder  
  12  6:08  Marauder  
  12  6:10  Refinery  
  12  6:13  Supply Depot  
  12  6:15  Viking x2  
  12  6:17  SCV  
  12  6:25  Marine  
  12  6:26  SCV x2  
  12  6:28  Barracks Reactor  
  12  6:29  Marine  
  12  6:30  Marauder x2  
  12  6:35  Marine  
  12  6:36  Terran Infantry Weapons Level 2  
  12  6:41  Supply Depot  
  12  6:43  Marine  
  12  6:45  Refinery  
  12  6:47  Marine  
  12  6:49  Terran Infantry Armor Level 2  
  12  6:50  Marine x2  
  12  6:56  Barracks  
  12  6:57  Barracks  
  12  6:58  Barracks  
  12  6:59  Terran Vehicle And Ship Armor Level 1, Supply Depot  
  12  7:00  SCV  
  12  7:01  SCV  
  12  7:05  Marine x2  
  12  7:08  Medivac  
  12  7:09  Medivac  
  12  7:11  SCV  
  12  7:12  SCV  
  12  7:13  SCV  
  12  7:20  Siege Tank  
  12  7:23  SCV  
  12  7:24  Concussive Shells, SCV  
  12  7:25  SCV  
  12  7:32  Supply Depot  
  12  7:33  Supply Depot  
  12  7:35  SCV  
  12  7:36  SCV  
  12  7:37  SCV  
  12  7:47  SCV  
  12  7:48  Barracks Tech Lab  
  12  7:49  Starport  
  12  7:53  Viking x2, Marine x2, Supply Depot  
  12  7:54  Marine x3, Marauder  
  12  7:55  Supply Depot  
  12  7:57  Supply Depot  
  12  8:02  Barracks Reactor  
  12  8:04  Marine, Marauder  
  12  8:08  SCV  
  12  8:11  Marine  
  12  8:14  Marine x2, Siege Tank  
  12  8:15  Marine x2  
  12  8:19  Supply Depot, Command Center  
  12  8:23  Marine x2  
  12  8:24  Marine, Supply Depot  
  12  8:25  Marine  
  12  8:32  Starport Reactor  
  12  8:36  Medivac x2  
  12  8:37  Marine  
  12  8:38  Marine x3  
  12  8:39  Barracks Tech Lab  
  12  8:41  Marine  
  12  8:42  Marauder x2, SCV x2  
  12  8:49  SCV  
  12  8:53  Supply Depot  
  12  8:54  SCV x2  
  12  8:55  Supply Depot  
  12  9:00  Supply Depot  
  12  9:01  Marine x2, Marauder, SCV  
  12  9:02  Marine, Marauder  
  12  9:06  Viking  
  12  9:15  Viking, Medivac  
  12  9:18  Viking  
  12  9:20  SCV  
  12  9:29  Supply Depot  
  12  9:38  Marine x5, Marauder x2  
Tags
 
Add a new tag
Caveats
  • Supply blocks, unpowered buildings, or Contaminate may cause inaccurate times.
  • Supply counts are checked every 10 seconds.